[ AOE2 MATCH · #459485643 ]
UnrankedCelts vs Japanese
Player's team · WIN
Rival team · LOSS
[ REPLAY ANALYSIS · EXTRACTED FROM THE RECORDED GAME ]
Feudal
—
Castle
—
Imperial
—
| APM avg | 25.7 |
| APM peak | 67 |
| eAPM avg | 14.3 |
| Villagers / military | 103 / 131 |
Focus
⚔️ 30.0% · 🌾 70.0%
Woad Raider ×57 · Archer ×42 · Skirmisher ×15 · Spearman ×5 · Trebuchet (Packed) ×5 · Mangonel ×4
Feudal
9:26
Castle
25:40
Imperial
—
| APM avg | 56.9 |
| APM peak | 114 |
| eAPM avg | 29.8 |
| Villagers / military | 118 / 91 |
Focus
⚔️ 29.4% · 🌾 70.6%
Samurai ×28 · Knight ×26 · Archer ×12 · Mangonel ×7 · Cavalry Archer ×7 · Skirmisher ×6
Match map
Initial resources + every placement click. Lines = walls · curves = elevation contours. ◆ gold · ⬟ stone · ● berries · ✦ relic · ◌ wall gap
Your base· Open — unwalled flank
Fantome69's base· Open — 3t gap
Smoothed initial terrain · ◌ = detected wall gap · hover for details
Inputs per minute
— ScarePancake163 - - Fantome69
Build order — ScarePancake163
First 150 of 254 actions detected
| 0:00 | Create | Villager (Male) |
| 0:03 | Build | House |
| 0:04 | Build | House |
| 0:14 | Create | Villager (Male) |
| 0:14 | Create | Villager (Male) |
| 0:15 | Create | Villager (Male) |
| 0:15 | Create | Villager (Male) |
| 1:24 | Create | Villager (Male) |
| 2:05 | Create | Villager (Male) |
| 2:17 | Create | Villager (Male) |
| 2:24 | Build | Lumber Camp |
| 2:51 | Create | Villager (Male) |
| 3:24 | Create | Villager (Male) |
| 3:25 | Create | Villager (Male) |
| 3:47 | Build | House |
| 3:48 | Build | House |
| 3:52 | Create | Villager (Male) |
| 4:22 | Create | Villager (Male) |
| 4:22 | Create | Villager (Male) |
| 4:29 | Build | House |
| 5:16 | Create | Villager (Male) |
| 5:16 | Create | Villager (Male) |
| 5:22 | Build | Mill |
| 6:10 | Build | House |
| 6:11 | Build | House |
| 6:28 | Create | Villager (Male) |
| 6:55 | Create | Villager (Male) |
| 6:56 | Create | Villager (Male) |
| 7:14 | Research | Loom |
| 7:31 | Build | Mill |
| 7:47 | Research | Feudal Age |
| 9:25 | Build | Barracks |
| 9:41 | Build | Palisade Wall |
| 10:11 | Create | Villager (Male) |
| 10:11 | Create | Villager (Male) |
| 10:12 | Create | Villager (Male) |
| 10:29 | Research | Double-Bit Axe |
| 10:30 | Create | Villager (Male) |
| 10:33 | Research | Horse Collar |
| 10:39 | Build | Archery Range |
| 11:08 | Build | Archery Range |
| 11:12 | Create | Villager (Male) |
| 11:16 | Build | Mining Camp |
| 11:28 | Create | Villager (Male) |
| 11:51 | Create | Archer |
| 11:51 | Create | Archer |
| 12:22 | Create | Archer |
| 12:27 | Create | Villager (Male) |
| 12:43 | Create | Archer |
| 13:11 | Create | Skirmisher |
| 13:17 | Build | Archery Range |
| 13:30 | Create | Villager (Male) |
| 13:37 | Create | Archer |
| 13:46 | Create | Skirmisher |
| 14:23 | Create | Villager (Male) |
| 14:24 | Create | Villager (Male) |
| 14:31 | Build | Farm |
| 14:31 | Build | Farm |
| 14:31 | Build | Farm |
| 14:31 | Build | Farm |
| 14:32 | Build | Farm |
| 14:32 | Build | Farm |
| 14:46 | Create | Villager (Male) |
| 14:54 | Create | Archer |
| 14:54 | Create | Archer |
| 14:57 | Build | Farm |
| 15:00 | Build | Farm |
| 15:02 | Build | Farm |
| 15:11 | Create | Villager (Male) |
| 15:18 | Create | Skirmisher ×3 |
| 15:31 | Create | Villager (Male) |
| 15:31 | Create | Villager (Male) |
| 16:14 | Create | Skirmisher ×5 |
| 16:20 | Build | House |
| 16:21 | Build | House |
| 16:22 | Build | House |
| 17:04 | Build | Blacksmith |
| 17:06 | Build | Palisade Wall |
| 17:13 | Create | Villager (Male) |
| 17:14 | Create | Villager (Male) |
| 17:31 | Create | Archer ×3 |
| 17:40 | Research | Fletching |
| 17:43 | Create | Villager (Male) |
| 17:43 | Create | Villager (Male) |
| 17:43 | Create | Villager (Male) |
| 18:46 | Create | Villager (Male) |
| 18:49 | Create | Skirmisher ×5 |
| 19:18 | Create | Archer ×5 |
| 19:21 | Research | Padded Archer Armor |
| 19:22 | Create | Villager (Male) |
| 19:25 | Build | House |
| 19:26 | Build | House |
| 19:27 | Build | Farm |
| 19:29 | Build | Farm |
| 19:32 | Build | Farm |
| 20:20 | Create | Villager (Male) |
| 20:21 | Create | Villager (Male) |
| 20:21 | Create | Villager (Male) |
| 20:56 | Create | Archer |
| 20:56 | Create | Archer |
| 20:58 | Create | Villager (Male) |
| 20:58 | Create | Villager (Male) |
| 21:15 | Build | Farm |
| 21:20 | Build | Farm |
| 21:25 | Build | Farm |
| 21:30 | Build | Farm |
| 21:36 | Build | Farm |
| 21:37 | Build | Farm |
| 21:39 | Build | Farm |
| 21:41 | Build | Farm |
| 21:56 | Build | Farm |
| 21:59 | Build | Farm |
| 22:22 | Create | Villager (Male) |
| 23:05 | Research | Castle Age |
| 23:05 | Research | Castle Age |
| 23:28 | Create | Archer ×5 |
| 24:45 | Create | Archer ×5 |
| 24:49 | Create | Villager (Male) |
| 24:49 | Create | Villager (Male) |
| 24:59 | Research | Gold Mining |
| 25:10 | Build | House |
| 25:11 | Build | House |
| 25:14 | Build | House |
| 25:41 | Research | Town Watch |
| 25:44 | Create | Villager (Male) |
| 25:45 | Create | Villager (Male) |
| 25:55 | Build | Siege Workshop |
| 25:57 | Research | Crossbowman (upgrade) |
| 26:00 | Research | Bodkin Arrow |
| 26:55 | Create | Archer ×5 |
| 26:56 | Create | Villager (Male) |
| 26:57 | Create | Villager (Male) |
| 26:57 | Create | Villager (Male) |
| 26:57 | Create | Villager (Male) |
| 27:19 | Create | Battering Ram |
| 27:33 | Build | Town Center |
| 27:51 | Research | Bow Saw |
| 27:53 | Create | Archer ×5 |
| 28:08 | Create | Mangonel |
| 28:23 | Build | House |
| 28:24 | Build | House |
| 28:28 | Build | House |
| 28:29 | Build | House |
| 28:31 | Build | House |
| 29:14 | Create | Villager (Male) |
| 29:15 | Create | Villager (Male) |
| 29:15 | Create | Villager (Male) |
| 29:15 | Create | Villager (Male) |
| 29:15 | Create | Villager (Male) |
| 29:43 | Create | Villager (Male) |
Build order — Fantome69
First 150 of 363 actions detected
| 0:01 | Create | Villager (Male) |
| 0:01 | Create | Villager (Male) |
| 0:02 | Create | Villager (Male) |
| 0:08 | Build | House |
| 0:10 | Build | House |
| 0:19 | Create | Villager (Male) |
| 0:19 | Create | Villager (Male) |
| 1:40 | Create | Villager (Male) |
| 1:40 | Create | Villager (Male) |
| 2:00 | Build | Lumber Camp |
| 2:02 | Create | Villager (Male) |
| 2:02 | Create | Villager (Male) |
| 2:34 | Create | Villager (Male) |
| 3:09 | Create | Villager (Male) |
| 3:10 | Create | Villager (Male) |
| 3:30 | Create | Villager (Male) |
| 3:30 | Create | Villager (Male) |
| 3:50 | Create | Villager (Male) |
| 3:50 | Create | Villager (Male) |
| 4:00 | Create | Villager (Male) |
| 4:05 | Build | House |
| 4:31 | Create | Villager (Male) |
| 4:32 | Create | Villager (Male) |
| 4:37 | Create | Villager (Male) |
| 4:41 | Build | Mill |
| 5:08 | Create | Villager (Male) |
| 5:45 | Create | Villager (Male) |
| 6:04 | Research | Loom |
| 6:09 | Build | Barracks |
| 7:16 | Research | Feudal Age |
| 7:16 | Research | Feudal Age |
| 7:16 | Research | Feudal Age |
| 7:22 | Build | Mining Camp |
| 7:35 | Build | House |
| 7:38 | Create | Militia |
| 8:05 | Create | Militia |
| 8:21 | Create | Militia |
| 9:18 | Build | House |
| 9:26 | Age | Feudal Age |
| 9:30 | Research | Man-at-Arms (upgrade) |
| 9:39 | Create | Villager (Male) |
| 10:15 | Create | Villager (Male) |
| 10:15 | Create | Villager (Male) |
| 10:15 | Create | Villager (Male) |
| 10:18 | Build | Archery Range |
| 10:50 | Create | Villager (Male) |
| 10:50 | Create | Villager (Male) |
| 10:50 | Create | Villager (Male) |
| 10:54 | Build | Mill |
| 11:07 | Create | Archer |
| 11:08 | Create | Archer |
| 11:11 | Build | House |
| 11:38 | Build | Farm |
| 11:39 | Build | Farm |
| 11:40 | Build | Farm |
| 11:55 | Build | Farm |
| 11:57 | Create | Archer |
| 12:13 | Create | Villager (Male) |
| 12:13 | Research | Town Watch |
| 12:18 | Research | Double-Bit Axe |
| 12:18 | Research | Double-Bit Axe |
| 12:29 | Create | Archer |
| 12:44 | Create | Skirmisher |
| 12:56 | Create | Villager (Male) |
| 12:56 | Create | Villager (Male) |
| 13:03 | Create | Archer |
| 13:16 | Build | Farm |
| 13:42 | Create | Archer |
| 14:10 | Build | House |
| 14:24 | Create | Archer |
| 14:24 | Create | Archer |
| 14:26 | Create | Villager (Male) |
| 14:29 | Build | Farm |
| 14:31 | Build | Farm |
| 14:33 | Create | Villager (Male) |
| 14:33 | Create | Villager (Male) |
| 14:33 | Create | Villager (Male) |
| 14:56 | Build | Blacksmith |
| 15:03 | Create | Villager (Male) |
| 15:03 | Create | Villager (Male) |
| 15:13 | Create | Archer |
| 15:28 | Build | House |
| 15:42 | Research | Fletching |
| 15:42 | Research | Fletching |
| 15:44 | Build | Farm |
| 15:45 | Create | Villager (Male) |
| 16:04 | Build | Palisade Wall |
| 16:09 | Create | Archer |
| 16:10 | Create | Archer |
| 16:12 | Create | Villager (Male) |
| 16:12 | Create | Villager (Male) |
| 16:40 | Create | Skirmisher |
| 16:41 | Create | Skirmisher |
| 16:51 | Build | Lumber Camp |
| 16:55 | Build | Watch Tower |
| 17:03 | Create | Villager (Male) |
| 17:04 | Create | Villager (Male) |
| 17:10 | Build | House |
| 17:33 | Create | Skirmisher |
| 17:46 | Build | Palisade Wall |
| 17:48 | Create | Villager (Male) |
| 17:54 | Create | Archer |
| 18:46 | Create | Skirmisher |
| 18:46 | Create | Skirmisher |
| 18:51 | Build | Farm |
| 18:53 | Build | House |
| 18:54 | Build | House |
| 19:06 | Create | Villager (Male) |
| 19:06 | Create | Villager (Male) |
| 19:11 | Build | Farm |
| 19:15 | Build | Farm |
| 19:20 | Build | Stable |
| 19:28 | Create | Villager (Male) |
| 19:31 | Build | Farm |
| 19:34 | Build | Farm |
| 19:38 | Build | Farm |
| 19:42 | Build | Farm |
| 19:46 | Build | Palisade Wall |
| 20:09 | Build | Farm |
| 20:11 | Create | Scout Cavalry |
| 20:35 | Create | Scout Cavalry |
| 20:37 | Create | Villager (Male) |
| 20:45 | Build | Market |
| 21:18 | Create | Villager (Male) |
| 21:18 | Create | Villager (Male) |
| 21:20 | Build | House |
| 21:41 | Build | Farm |
| 21:49 | Build | House |
| 21:50 | Build | Palisade Wall |
| 21:52 | Build | Palisade Wall |
| 21:56 | Build | Palisade Wall |
| 22:16 | Build | Farm |
| 22:18 | Build | Farm |
| 22:39 | Build | House |
| 23:00 | Research | Castle Age |
| 23:01 | Research | Castle Age |
| 23:10 | Research | Scale Barding Armor |
| 23:10 | Research | Scale Barding Armor |
| 23:21 | Build | Farm |
| 23:22 | Build | Farm |
| 23:22 | Build | Farm |
| 23:28 | Build | Stable |
| 24:00 | Research | Horse Collar |
| 24:01 | Research | Horse Collar |
| 24:03 | Research | Gold Mining |
| 24:24 | Build | House |
| 24:48 | Build | Palisade Wall |
| 25:40 | Research | Bloodlines |
| 25:40 | Research | Bloodlines |
| 25:40 | Age | Castle Age |
Match timeline
| 6:09 | Fantome69 · first_building Barracks |
| 9:25 | ScarePancake163 · first_building Barracks |
| 9:26 | Fantome69 · age_up feudal |
| 9:41 | ScarePancake163 · wall_segment Palisade Wall x9 |
| 10:18 | Fantome69 · first_building Archery Range |
| 10:39 | ScarePancake163 · first_building Archery Range |
| 16:04 | Fantome69 · wall_segment Palisade Wall x8 |
| 17:06 | ScarePancake163 · wall_segment Palisade Wall x1 |
| 17:46 | Fantome69 · wall_segment Palisade Wall x1 |
| 19:20 | Fantome69 · first_building Stable |
| 19:46 | Fantome69 · wall_segment Palisade Wall x1 |
| 21:50 | Fantome69 · wall_segment Palisade Wall x4 |
| 21:52 | Fantome69 · wall_segment Palisade Wall x1 |
| 21:56 | Fantome69 · wall_segment Palisade Wall x5 |
| 22:01 | Fantome69 · first_market_buy 100 food |
| 24:48 | Fantome69 · wall_segment Palisade Wall x1 |
| 25:40 | Fantome69 · age_up castle |
| 25:55 | ScarePancake163 · first_building Siege Workshop |
| 25:56 | Fantome69 · first_building Siege Workshop |
| 29:55 | Fantome69 · first_market_sell 100 wood |
| 32:23 | ScarePancake163 · first_building Castle |
| 36:27 | Fantome69 · first_building Castle |
| 48:39 | Fantome69 · resign |
[ AI ANALYSIS · 1 CREDIT ]
What really happened in this match?
Wolo.gg analyzes every decision: build order, eco, micro, common mistakes by bracket. Personalized analysis on WhatsApp or Discord in 30 seconds.
Civ guide
Celts
Perfil
Jugador #1827849